 Dungeon Crawl Stone Soup version 0.27.1-1-g398f81649c (webtiles) character file.

Game seed: 11248608832551996288

734 paterick123 the Spear-Bearer (level 7, -14/57 HPs)
             Began as a Minotaur Fighter on Sept 17, 2021.
             Demolished by a boulder beetle (56 damage)
             ... on level 8 of the Dungeon.
             The game lasted 00:10:26 (2808 turns).

paterick123 the Spear-Bearer (Minotaur Fighter)     Turns: 2808, Time: 00:10:27

Health: -14/57     AC: 14    Str: 23    XL:     7   Next: 45%
Magic:  6/6        EV: 11    Int:  5    God:
Gold:   807        SH:  9    Dex:  9    Spells: 6/6 levels left

rFire    . . .     SeeInvis .   a - +1 trident
rCold    . . .     Faith    .   c - +0 kite shield
rNeg     . . .     Spirit   .   b - +0 scale mail
rPois    .         Reflect  .   (helmet restricted)
rElec    .         Harm     .   n - +2 cloak {rCorr}
rCorr    +         Rampage  .   s - +0 pair of gloves
Will     .....                  e - +2 pair of boots
Stlth    ..........             g - amulet of regeneration
HPRegen  1.19/turn              i - +4 ring of evasion
MPRegen  0.10/turn              (no ring)

@: mighty, hasted and slowed
A: horns 2, retaliatory headbutt
a: no special abilities


You were on level 8 of the Dungeon.
You visited 1 branch of the dungeon, and saw 6 of its levels.

You collected 1106 gold pieces.
You spent 299 gold pieces at shops.

Inventory:

Hand Weapons
 a - a +1 trident (weapon)
Missiles
 h - a throwing net (quivered)
Armour
 b - a +0 scale mail (worn)
 c - a +0 kite shield (worn)
 e - a +2 pair of boots (worn)
 l - a +0 tower shield
 n - a +2 cloak of preservation (worn)
 o - a +0 plate armour
 s - a +0 pair of gloves (worn)
Jewellery
 g - an amulet of regeneration (around neck)
 i - a +4 ring of evasion (left hand)
Wands
 p - a wand of acid (7)
 q - a wand of digging (3)
Scrolls
 m - a scroll of acquirement
Potions
 d - a potion of might
 k - 2 potions of heal wounds
 r - a potion of mutation {unknown}


   Skills:
 - Level 3.6 Fighting
 + Level 10.1 Polearms
 - Level 3.6 Armour
 - Level 3.6 Shields


You had 6 spell levels left.
You didn't know any spells.
Your spell library contained the following spells:

 Spells                   Type           Power      Damage    Failure   Level
 Slow                     Hex            0%         N/A       100%        2
 Call Canine Familiar     Summ           0%         N/A       100%        3
 Confusing Touch          Hex            0%         N/A       100%        3
 Portal Projectile        Hex/Tloc       0%         N/A       100%        3
 Vampiric Draining        Necr           0%         2d6       100%        3
 Leda's Liquefaction      Hex/Erth       0%         N/A       100%        4


Dungeon Overview and Level Annotations

Branches:
Dungeon (5/15)
 Temple: D:4-7

Altars:

Shops:
D:2 [


Innate Abilities, Weirdness & Mutations

You have a pair of horns on your head.
You reflexively headbutt those who attack you in melee.


Message History

The kobold brigand throws a curare-tipped dart.
You block the curare-tipped dart.
You reach to attack!
You barely miss the kobold brigand.
You feel sick.
The kobold brigand throws a curare-tipped dart.
The curare-tipped dart hits you.
You are more poisoned.
You have difficulty breathing.
You feel as though you will be slow longer.
You reach to attack!
You puncture the kobold brigand!
The kobold brigand is heavily wounded.
You feel very sick.
The kobold brigand throws a curare-tipped dart.
You block the curare-tipped dart.
A boulder beetle comes into view.
You puncture the kobold brigand!
The kobold brigand is almost dead.
You feel very sick.
The orc wizard mumbles some strange words.
The orc wizard flickers and vanishes!
Deactivating autopickup; reactivate with Ctrl-A.
The kobold brigand hits you with a +0 dagger.
You are too injured to fight recklessly!
You puncture the kobold brigand!
You kill the kobold brigand!
You feel sick.
The centaur wields a +0 shortbow.
The centaur shoots an arrow.
The arrow misses you.
The centaur shoots an arrow.
The arrow closely misses you.
Your Polearms skill increases to level 10!
Okay, then.
Okay, then.
You feel better.
The centaur shoots an arrow.
The arrow barely misses you.
The centaur shoots an arrow.
The arrow hits you but does no damage.
You feel yourself speed up. You block the boulder beetle's attack.
Things that are here:
a +0 dagger; a curare-tipped dart The boulder beetle curls into a ball and begins rolling!
The boulder beetle hits you!!!
Ouch! That really hurt!
You die...

##. .# #..#..
#. #..#.. ..
#.. ..#.# ###
..##...#
....#.Z#...#
.....c5#...#
### #o.B##@.#
###...####○#B.#
.........##○..#
...###........#
#........#
##########


You could see a boulder beetle (rolling).

Vanquished Creatures
  A sky beast (D:5)
  A centaur (D:5)
  A phantom (D:4)
  A kobold brigand (D:8)
  5 jellies
  3 iguanas
  Robin (D:3)
  7 adders
  A white imp (D:3)
  A worm (D:4)
  3 dart slugs
  5 orcs
  16 endoplasms
  3 giant cockroaches
  9 goblins
  15 hobgoblins
  5 quokkas
  9 ball pythons
  2 bats
  3 frilled lizards (D:1)
  15 kobolds
  5 rats
112 creatures vanquished.

Vanquished Creatures (others)
  3 fungi (D:3)
  6 toadstools (D:3)
9 creatures vanquished.

Grand Total: 121 creatures vanquished

Notes
Turn   | Place    | Note
-------+----------+-------------------------------------------
     0 | D:1      | paterick123 the Minotaur Fighter began the quest for the
                  | Orb.
     0 | D:1      | Reached XP level 1. HP: 19/19 MP: 0/0
   105 | D:1      | Reached skill level 3 in Polearms
   155 | D:1      | Reached XP level 2. HP: 26/26 MP: 1/1
   381 | D:1      | Reached skill level 4 in Polearms
   597 | D:2      | Reached XP level 3. HP: 26/31 MP: 2/2
   757 | D:2      | Reached skill level 5 in Polearms
   892 | D:2      | Reached XP level 4. HP: 39/39 MP: 3/3
   915 | D:2      | Found Hixidd's Armour Boutique.
   994 | D:2      | Identified 3 scrolls of acquirement
   994 | D:2      | Acquired a +2 cloak of preservation
  1001 | D:2      | Found a faded altar of an unknown god.
  1018 | D:2      | Acquired 948 gold pieces
  1061 | D:2      | Bought a +0 plate armour for 299 gold pieces
  1284 | D:3      | Reached skill level 6 in Polearms
  1508 | D:3      | Noticed Robin
  1517 | D:3      | Killed Robin
  1518 | D:3      | Reached XP level 5. HP: 44/45 MP: 4/4
  1849 | D:3      | Reached skill level 7 in Polearms
  1857 | D:3      | Reached XP level 6. HP: 51/51 MP: 5/5
  2032 | D:4      | Reached skill level 8 in Polearms
  2544 | D:4      | Reached skill level 9 in Polearms
  2727 | D:5      | Entered Level 5 of the Dungeon
  2727 | D:5      | Noticed a sky beast
  2735 | D:5      | Killed a sky beast
  2736 | D:5      | Reached XP level 7. HP: 53/57 MP: 6/6
  2786 | D:5      | You fall into a shaft and drop 3 floors!
  2800 | D:8      | Noticed a boulder beetle
  2803 | D:8      | Reached skill level 10 in Polearms
  2808 | D:8      | Demolished by a boulder beetle

Illustrated notes

Levels and vault maps discovered:
D:1:      heliophobic_arrival_dark_side_of_the_moon, layout_rooms,
          grunt_decor_arrowhead, minmay_domino_2
D:2:      layout_rooms, dilly_ecumenical_altar_fadedgnrine, serial_shops,
          nicolae_shop_statue_plus
D:3:      cheibrodos_fertilizer, layout_loops_corners, st_stairs_9,
          skrybe_limestone_x, minmay_quadrilaterals, uniq_robin
D:4:      layout_layer_cave, serial_glass, glass_columns_a, glass_columns_a,
          glass_columns_b, glass_columns_c, glass_columns_b, glass_columns_b
D:5:      layout_loops_ring, gammafunk_ghost_hive
D:8:      hangedman_cross_stitches, layout_cave_pools, serial_shops,
          nicolae_shop_temple_entry_statues_fountains, kennysheep_little_box,
          nicolae_shop_waterfront, shop, nicolae_shop_stone,
          minmay_pinched_square

Skill      XL: |  1  2  3  4  5  6  7 |
---------------+----------------------+-----
Polearms       | 3 4 5 6 7 9 10 | 10.1
Fighting       | |  3.6
Armour         | |  3.6
Shields        | |  3.6

Action                   |  1- 3 |  4- 6 |  7- 9 || total
-------------------------+-------+-------+-------++-------
Melee: Trident           |    93 |   175 |    16 ||   284
       Headbutt          |     8 |    17 |       ||    25
Evoke: Wand              |       |     1 |     1 ||     2
  Use: Scroll            |     2 |     7 |     1 ||    10
       Potion            |       |     1 |     4 ||     5
Armor: Scale mail        |    20 |    33 |     4 ||    57
Dodge: Dodged            |    14 |    54 |     8 ||    76
Block: Kite shield       |    33 |    53 |    13 ||    99
